 Dungeon Crawl Stone Soup version 0.29-a0-330-g52719c12eb (webtiles) character file.

Game seed: 14659362156164031819

14 Miritol the Bolt Thrower (level 2, -1/17 HPs)
             Began as a Tengu Hunter on May 9, 2022.
             Succumbed to an adder's poison
             ... on level 2 of the Dungeon.
             The game lasted 00:00:55 (545 turns).

Miritol the Bolt Thrower (Tengu Hunter)              Turns: 545, Time: 00:00:56

Health: -1/17      AC:  3    Str: 11    XL:     2   Next: 45%
Magic:  3/3        EV: 12    Int:  9    God:
Gold:   46         SH:  0    Dex: 17    Spells: 1/1 levels left

rFire   . . .      SeeInvis +   a - +1 hand crossbow
rCold   . . .      Faith    .   (no shield)
rNeg    . . .      Spirit   .   b - +0 leather armour
rPois   .          Reflect  .   (helmet restricted)
rElec   .          Harm     .   (no cloak)
rCorr   .          Rampage  .   (no gloves)
Will    .....                   (boots unavailable)
Stlth   ++........              (no amulet)
HPRegen 0.05/turn               g - ring of see invisible
MPRegen 0.08/turn               (no ring)

@: lethally poisoned (-1 -> -9)
A: beak, talons 3
a: no special abilities


You were on level 2 of the Dungeon.
You visited 1 branch of the dungeon, and saw 2 of its levels.

You collected 46 gold pieces.

Inventory:

Hand Weapons
 a - a +1 hand crossbow (weapon)
Armour
 b - a +0 leather armour (worn)
Jewellery
 g - a ring of see invisible (left hand)
Scrolls
 c - a scroll of immolation
 d - a scroll of identify {unknown}
 e - 2 scrolls of enchant weapon {unknown}
Potions
 f - a potion of resistance {unknown}
 h - a potion of curing {unknown}
 i - a potion of attraction {unknown}
 j - a potion of heal wounds {unknown}


   Skills:
 - Level 2.0 Fighting
 + Level 4.7 Crossbows
 + Level 1.4 Armour
 - Level 2.1 Dodging
 - Level 1.0 Stealth


You had one spell level left.
You didn't know any spells.
Your spell library contained the following spells:

 Spells                   Type           Power      Damage    Failure   Level
 Static Discharge         Conj/Air       0%         N/A       63%         2
 Dispel Undead            Necr           0%         3d6       99%         4
 Sticky Flame             Conj/Fire      0%         2d3       99%         4


Dungeon Overview and Level Annotations

Branches:
Dungeon (2/15)

Altars:


Innate Abilities, Weirdness & Mutations

You have a beak for a mouth.
You have claws for feet.


Message History

No target in view!
An adder and a giant cockroach come into view.
You shoot a bolt. The bolt hits the adder.
The adder hisses angrily.
The adder is moderately wounded.
You shoot a bolt. The bolt misses the adder.
You shoot a bolt. The bolt barely misses the adder.
The adder closely misses you. The adder bites you but does no damage.
You shoot a bolt. The bolt misses the adder.
The adder bites you. The giant cockroach misses you. The adder bites you.
You are poisoned.
The adder poisons you!
You shoot a bolt. The bolt barely misses the adder.
You feel sick. The adder bites you but does no damage.
The giant cockroach misses you.
You feel sick. The adder barely misses you.
The giant cockroach closely misses you.
You feel sick.
Found a stone staircase leading up.
You feel sick.
You are too injured to fight recklessly!
Found a black potion.
You feel sick. The adder bites you.
* * * LOW HITPOINT WARNING * * *
You are too injured to fight recklessly!
You are too injured to fight recklessly!
Shoot: a) +1 hand crossbow
Press: ? - help, Q - select action Shift-Dir - straight line, f/p - adder
Aim: an adder (moderately wounded, 50% to hit)
You shoot a bolt. The bolt hits the adder.
The adder is moderately wounded.
You feel sick.
You are no longer poisoned.
The adder bites you.
* * * LOW HITPOINT WARNING * * *
You are lethally poisoned!
The adder poisons you!
Shoot: a) +1 hand crossbow
Press: ? - help, Q - select action Shift-Dir - straight line, f/p - adder
Aim: an adder (moderately wounded, 50% to hit)
You shoot a bolt. The bolt barely misses the adder.
The bolt closely misses the giant cockroach.
You die...

..≈...≈ ..§.<§§
..§...≈ ..≈≈≈§§
.### .!.....
....
.......##..#
#.....#..#
#@#..#
#S#..#####.
#B#.........
#....#####.†
########........
................
.#######........
#######........
#.....'......).


You could see an adder and a giant cockroach.

Vanquished Creatures
  2 goblins (D:1)
  2 hobgoblins (D:1)
  2 ball pythons
  2 bats (D:1)
  3 frilled lizards (D:1)
  3 kobolds (D:1)
  A rat (D:1)
15 creatures vanquished.

Notes
Turn   | Place    | Note
-------+----------+-------------------------------------------
     0 | D:1      | Miritol the Tengu Hunter began the quest for the Orb.
     0 | D:1      | Reached XP level 1. HP: 12/12 MP: 2/2
   168 | D:1      | Reached skill level 1 in Armour
   168 | D:1      | Reached XP level 2. HP: 17/17 MP: 3/3
   545 | D:2      | Succumbed to an adder's poison

Illustrated notes

Levels and vault maps discovered:
D:1:      amcnicky_arrival_flooded_fountain, layout_rooms, minmay_misc_feat_chi,
          minmay_misc_feat_more_columns
D:2:      layout_basic, nicolae_ecumenical_oubliette

Skill      XL: |  1 |
---------------+----+-----
Armour         | 1 |  1.4
Fighting       | |  2.0
Crossbows      | |  4.7
Dodging        | |  2.1
Stealth        | |  1.0

Action                   || total
-------------------------++-------
 Fire: Hand crossbow     ||    37
Armor: Leather armour    ||     4
Dodge: Dodged            ||     7

Table legend: (Time is in decaauts)
 A = Elapsed time spent in this place.
 B = Non-inter-level travel time spent in this place.
 C = Inter-level travel time spent in this place.
 D = Time resting spent in this place.
 E = Time spent auto-exploring this place.
 F = Levels seen in this place.
 G = Mean time per level.
                   A        B        C        D        E       F      G
               +--------+--------+--------+--------+--------+-----+--------+
         Total |    555 |    521 |     34 |      0 |    429 |   2 |  277.5 |
       Dungeon |    555 |    521 |     34 |      0 |    429 |   2 |  277.5 |
               +--------+--------+--------+--------+--------+-----+--------+

Top non-repeatable levels by time:
     D:1: 519 daAuts
     D:2: 36 daAuts
